omghax, neutral male scurrid Tourist }}}}}}}}}}}}}}}}}}}}} }}}}}}}}}}}}}}}}}} }}}}}}}}}}}}}}}}}} }}}}}}}}}}}}}.} }}}}}}}}}}}}}} .} }}}}}}.}}} }}..}}}}..#.}}}}}}...# .. # }.. #..}}}}}... }}}}...).# }}}}...*..# #......}}}}.`#..}}.}}}.}}...}}} # #.}}}})..I.}}}}}}.# }}}}..# #..}}}}}}}}}}} #}}}}}}}}}..}}}}}}}}}}}..... }}}}}...}}}}}}}} }}}}}}# }}}}}}}}}}}}}}}}.# .`...``}}}}}}..}}}}}} }}}}}}}}}} }}}}}}}}}}}}}}}.}}}.}}. #.``} #}}}}}} }}}}}}}}}}#}}}} .# }...}}}}}}}}}}}}}}...}}}} }..}} ...}}}}}}}}.# .# # ...}}}}}}}}}}}}}.}}}}}} }}}}}} `.}}.}}}}}}}}}} # .}}}}}.# }}}}}}}}}} }}}}}}} }}(}}}}}}}..}}}}}. # }}.... }}}}}} }}}}.} }}}}}}}}}}..#.}}}}.# .}}}}}. } }} # }}}}}}.}+}}}}} ...}}.. }}..# }}}}}}}...}}}}} }}}}}}}# # .}}}}}}}}.#..}}}} }}}}}}} }}}}}}}}}}} }.}}}}} }}}}}}}} }}}}}}}}}}}} }}}}}}} }}}}}}}}} omghax the Rambler Experience level: 1 Strength: 13 Dexterity: 11 Constitution: 14 Intelligence: 16 Wisdom: 8 Charisma: 13 Health: 0(9) Energy: 2(2) Def: 0 Gold: 625 Moves: 59 Dungeon seed: oWVBlS6WZNFnEPnp Game ID: omghax_1498611907 Your Inventory: Coins $ - 625 gold pieces Weapons a - 53 uncursed rusty +2 darts (in quiver) Armor e - a blessed +0 Hawaiian shirt (being worn) Comestibles b - 2 uncursed eggs c - 3 uncursed food rations d - 2 uncursed tins of sewer rat meat f - an uncursed sprig of wolfsbane g - an uncursed banana h - an uncursed lembas wafer i - an uncursed tripe ration Scrolls l - 4 uncursed scrolls of magic mapping s - an uncursed scroll of blank paper Potions j - an uncursed diluted potion of extra healing k - a blessed diluted potion of extra healing r - an uncursed diluted potion of hallucination Wands o - an uncursed wand of secret door detection (0:12) Tools m - an uncursed expensive camera (0:74) n - an uncursed credit card p - an uncursed rusty tin opener Spells and supernatural/magical abilities: Name Level Category Fail Memory W - pray for help -- divine ? -- Your skills at the end: Miscellaneous Skills wands [Basic] Weapon Skills dart [Basic] Spellcasting Skills Final Attributes: You were devoutly aligned. You were blinded. You had infravision. You were very stealthy. You are dead. Vanquished creatures: a newt Voluntary challenges: You went without food. You did not adorn yourself with jewelry or accessories. You did not cause conflict. You were not invisible. You did not have reflection. You were not displaced. You were an atheist. You never hit with a wielded weapon. You were a pacifist. You did not use tools. You did not use plumbed fixtures. You did not drink any magical draughts. You were illiterate. You never genocided any monsters. You never polymorphed an object. You never changed form. You used no wishes. You never split a pudding. You never wrote Elbereth's name. You never violated your personal moral code. Dungeon overview: The Dungeons of Doom: levels 1 to 24 Level 1 a long staircase Level 2 Level 3 Level 4 a long staircase Level 5 Level 6 Level 7 Level 8 Level 9 Level 10 Level 11 a fountain Level 12 Level 13 Level 14 Level 15 Level 16 Level 17 Level 18 Level 19 Level 20 Level 21 Level 22 Level 23 Level 24 <- You were here many trees History has recorded: On T:1 you entered the Dungeons of Doom to retrieve the Amulet of Yendor! On T:5 you reached level 2 of The Dungeons of Doom. On T:7 you reached level 3 of The Dungeons of Doom. On T:10 you reached level 4 of The Dungeons of Doom. On T:12 you reached level 5 of The Dungeons of Doom. On T:14 you reached level 6 of The Dungeons of Doom. On T:16 you reached level 7 of The Dungeons of Doom. On T:19 you reached level 8 of The Dungeons of Doom. On T:21 you reached level 9 of The Dungeons of Doom. On T:23 you reached level 10 of The Dungeons of Doom. On T:27 you reached level 11 of The Dungeons of Doom. On T:29 you reached level 12 of The Dungeons of Doom. On T:31 you reached level 13 of The Dungeons of Doom. On T:34 you reached level 14 of The Dungeons of Doom. On T:36 you reached level 15 of The Dungeons of Doom. On T:38 you reached level 16 of The Dungeons of Doom. On T:38 you entered the Rogue tribute level. On T:40 you reached level 17 of The Dungeons of Doom. On T:43 you reached level 18 of The Dungeons of Doom. On T:45 you reached level 19 of The Dungeons of Doom. On T:49 you reached level 20 of The Dungeons of Doom. On T:51 you reached level 21 of The Dungeons of Doom. On T:53 you reached level 22 of The Dungeons of Doom. On T:55 you reached level 23 of The Dungeons of Doom. On T:58 you reached level 24 of The Dungeons of Doom. Score breakdown: Gold: 0 ( 0 points) Experience: 1 level ( 0 points) Exploration: 24 levels ( 690 points) Discoveries: 3 items ( 150 points) Variety of kills: 1 monster ( 50 points) Major goal: (nothing yet) ( 0 points) Survival: died (score multiplied by 3) Total score: 2670 Latest messages: You continue digging downward. You dig a hole through the floor. You fall through... You start digging downward. You continue digging downward. You dig a pit in the floor. You continue digging downward. You dig a hole through the floor. You fall through... You start digging downward. You continue digging downward. As you dig, the hole fills with water! You fall into the water! You sink like a rock. Your darts rust! Your tin opener rusts! You try to crawl out of the water. Pheew! That was close. The raven pecks! The raven blinds you! Something pecks! You die... Final status: Aloha omghax the Tourist, killed by a raven... You died in The Dungeons of Doom on dungeon level 24 with 2670 points, and 625 pieces of gold, after 59 moves. You were level 1 with a maximum of 9 hit points when you died.